AoeStats
← ITA | Raffy

African Clearing

504831399Analyzed
4v4 RM · 25d ago on Sep 6, 2026· 58m 44s· 8 players
Game mode
Random Map
Map size
Large (8 player)
Population
200
Speed
Normal
Resources
Standard
Victory
Conquest
Starting age
Dark Age
Ending age
Imperial Age
RankedLock teamsTeams togetherTeam positionsShared explorationLock speedFull tech treeHidden civsTurbo modeCheats
Victory
Defeat
🇬🇧 Tatars · United Kingdom
1282
+15
🇻🇪 Mongols · Venezuela
1264
+16
🇻🇪 Spanish · Venezuela
1255
+16
🇨🇱 Huns · Chile
1161
+21
🇮🇹 Berbers · Italy
1343
-20
🇮🇹 Hindustanis · Italy
1277
-18
🇮🇹 Saracens · Italy
1240
-16
🇮🇹 Vietnamese · Italy
1179
-14
Tattico87
7:44 Loom
14:21 Feudal Age
15:36 Double-Bit Axe
18:12 Castle Age
19:08 Horse Collar
19:40 Bow Saw
23:06 Fletching
23:31 Gold Mining
24:10 Bodkin Arrow
29:14 Ballistics
30:09 Thumb Ring
35:36 Heavy Plow
37:34 Treadmill Crane
39:04 Scale Barding Armor
39:02 Husbandry
40:51 Bloodlines
41:52 Gold Shaft Mining
41:08 Stone Mining
43:14 Wheelbarrow
45:43 Imperial Age
44:52 Chain Barding Armor
45:19 Forging
46:58 Plate Barding Armor
45:48 Heavy Camel Rider
46:32 Elite Genitour
48:57 Chemistry
48:00 Bracer
48:00 Padded Archer Armor
48:58 Hand Cart
51:36 Iron Casting
51:17 Leather Archer Armor
52:39 Conscription
53:08 Maghrebi Camels
55:38 Blast Furnace
55:09 Ring Archer Armor
55:50 Siege Engineers
55:55 Masonry
56:20 Light Cavalry
Towernello
4:26 Loom
15:02 Feudal Age
22:15 Double-Bit Axe
25:20 Castle Age
24:14 Padded Archer Armor
27:19 Fletching
46:18 Leather Archer Armor
48:53 Double-Bit Axe
51:12 Bodkin Arrow
[ALTF4] MuraZ
9:38 Loom
15:00 Feudal Age
18:15 Castle Age
16:13 Gold Mining
18:11 Scale Barding Armor
18:16 Forging
17:59 Double-Bit Axe
19:34 Bow Saw
27:05 Bloodlines
29:03 Horse Collar
31:48 Chain Barding Armor
31:20 Town Watch
34:45 Iron Casting
40:30 Imperial Age
40:41 Husbandry
41:37 Heavy Camel Rider
43:23 Scale Mail Armor
44:07 Plate Barding Armor
44:09 Padded Archer Armor
43:59 Fletching
46:45 Bodkin Arrow
50:12 Ballistics
ITA | Raffy
3:23 Loom
14:27 Feudal Age
15:53 Double-Bit Axe
18:33 Castle Age
16:37 Stone Mining
17:53 Horse Collar
19:28 Bow Saw
21:05 Padded Archer Armor
20:56 Fletching
24:36 Gold Mining
28:42 Fletching
34:32 Scale Barding Armor
36:11 Wheelbarrow
36:08 Heavy Plow
36:43 Husbandry
37:03 Bloodlines
37:54 Hand Cart
38:29 Chain Barding Armor
43:39 Imperial Age
43:51 Gold Shaft Mining
46:42 Imperial Age
46:54 Forging
50:21 Plate Barding Armor
50:21 Iron Casting
ESPADAYPARED
6:24 Loom
20:27 Feudal Age
24:13 Wheelbarrow
23:25 Double-Bit Axe
23:23 Horse Collar
23:33 Gold Mining
23:34 Stone Mining
23:38 Gold Mining
26:37 Fletching
27:44 Padded Archer Armor
29:57 Town Watch
35:49 Castle Age
36:04 Padded Archer Armor
36:18 Bloodlines
36:56 Bodkin Arrow
37:49 Leather Archer Armor
40:34 Husbandry
45:09 Bow Saw
45:00 Heavy Plow
46:06 Hand Cart
46:00 Scale Barding Armor
45:17 Light Cavalry
46:41 Ballistics
47:41 Thumb Ring
51:17 Gold Shaft Mining
53:09 Forging
58:01 Chain Barding Armor
60:18 Imperial Age
58:57 Iron Casting
ryocallan
8:19 Loom
12:27 Feudal Age
16:03 Castle Age
14:45 Double-Bit Axe
16:32 Fletching
17:37 Bow Saw
25:11 Wheelbarrow
24:22 Town Watch
25:18 Padded Archer Armor
26:18 Bodkin Arrow
28:28 Horse Collar
32:49 Imperial Age
30:44 Scale Barding Armor
31:22 Forging
31:52 Gold Mining
33:01 Chain Barding Armor
33:39 Hand Cart
36:56 Bracer
37:11 Leather Archer Armor
37:03 Heavy Cavalry Archer
38:41 Ballistics
39:22 Chemistry
40:48 Husbandry
41:05 Bloodlines
43:43 Silk Armor
44:24 Ring Archer Armor
44:11 Light Cavalry
46:01 Conscription
46:55 Hussar
48:14 Plate Barding Armor
51:22 Iron Casting
51:07 Heavy Plow
53:44 Blast Furnace
58:03 Spies/Treason
LeCoque
5:35 Loom
13:53 Feudal Age
18:12 Castle Age
16:58 Double-Bit Axe
20:38 Padded Archer Armor
25:10 Bloodlines
26:42 Leather Archer Armor
28:15 Husbandry
38:31 Imperial Age
37:34 Scale Barding Armor
38:07 Wheelbarrow
38:16 Wheelbarrow
37:27 Town Watch
39:03 Chain Barding Armor
39:40 Elite Conquistador
43:08 Light Cavalry
46:06 Ring Archer Armor
46:12 Plate Barding Armor
48:08 Conscription
54:13 Forging
55:25 Hussar
56:56 Iron Casting
56:50 Horse Collar
RafaMath
5:35 Loom
13:50 Feudal Age
15:58 Wheelbarrow
19:31 Castle Age
18:58 Double-Bit Axe
19:15 Fletching
20:00 Padded Archer Armor
21:08 Town Watch
23:31 Bodkin Arrow
25:09 Husbandry
37:30 Hand Cart
41:33 Imperial Age
42:54 Bracer
44:51 Thumb Ring
44:31 Elite Skirmisher
47:21 Pikeman
48:02 Squires
48:04 Scale Mail Armor
48:15 Forging
48:03 Halberdier
50:32 Chain Mail Armor
52:20 Iron Casting
53:11 Bloodlines
52:22 Cavalier
55:27 Heavy Cavalry Archer
56:33 Parthian Tactics
56:27 Leather Archer Armor
58:24 Horse Collar
59:46 Blast Furnace
Connection lost

Rejoining the realm…

Still unreachable

The connection could not be restored.

Session expired

The server has moved on; the page needs a fresh start.